 Dungeon Crawl Stone Soup version 0.31.0-9-g3a7656b989 (console) character file.

Game seed: 13059909352778706366

31450 AlterAsc the Bludgeoner (level 13, -11/93 HPs)
             Began as a Demonspawn Fighter on Jan 24, 2024.
             Was the Champion of Okawaru.
             Mangled by an ettin
             ... wielding a +0 dire flail
              (30 damage)
             ... on level 1 of the Orcish Mines.
             The game lasted 00:44:25 (15814 turns).

AlterAsc the Bludgeoner (Demonspawn Fighter)       Turns: 15814, Time: 00:44:25

Health: -11/93     AC: 32    Str: 20    XL:     13   Next: 26%
Magic:  17/17      EV:  6    Int:  7    God:    Okawaru [******]
Gold:   1123       SH:  4    Dex: 18    Spells: 12/12 levels left

rFire   . . .        b - +1 eveningstar (freeze)
rCold   . . .        (no shield)
rNeg    . . .        z - +0 plate armour
rPois   .            x - +2 helmet of Wonderful Surprise {+Inv Will+ Dex+3 SInv}
rElec   .            o - +2 cloak
rCorr   .            (gloves unavailable)
SInv    +            u - +2 pair of boots
Will    +++..        W - necklace of Bloodlust {Fury *Rage Will++ Int-3 Slay+6} Stlth
                     T - ring of flight
HPRegen 0.35/turn    Q - +4 ring of protection
MPRegen 0.15/turn

%: random rage (53%)
@: on berserk cooldown, flying, slowed, studying 2 skills, very slow
A: thin skeletal structure 1, icemail 1, powered by death 1, condensation
shield, demonic touch 3, berserk 1, frail 1, inability to read after injury 1
a: Renounce Religion, Evoke Invisibility, Heroism, Finesse, Duel


You were on level 1 of the Orcish Mines.
You worshipped Okawaru.
Okawaru was exalted by your worship.
You visited 4 branches of the dungeon, and saw 16 of its levels.

You collected 1123 gold pieces.

Inventory:

Hand Weapons
 b - a +1 eveningstar of freezing (weapon)
 d - a +2 flail of protection
 N - a +4 trident of draining
Missiles
 m - a throwing net (quivered)
 A - 42 poisoned darts
 B - 9 curare-tipped darts
Armour
 o - a +2 cloak (worn)
 u - a +2 pair of boots (worn)
 x - the +2 helmet of Wonderful Surprise (worn) {+Inv Will+ Dex+3 SInv}
   (Okawaru gifted it to you on level 3 of the Lair of Beasts)

   Dex+3:     It affects your dexterity (+3).
   Will+:     It increases your willpower.
   SInv:      It lets you see invisible.
   +Inv:      It lets you turn invisible.
 z - a +0 plate armour (worn)
 U - the +0 helmet of Beogh's Fury {rCorr SInv Stlth+}
   (You found it on level 9 of the Dungeon)

   SInv:      It lets you see invisible.
   rCorr:     It protects you from acid and corrosion.
   Stlth+:    It makes you more stealthy.
Jewellery
 a - a ring of ice
 e - a ring of willpower
 Q - a +4 ring of protection (right hand)
 T - a ring of flight (left hand)
 W - the necklace of Bloodlust (around neck) {Fury *Rage Will++ Int-3 Slay+6}
   (You found it on level 7 of the Dungeon)

   [amulet of nothing]

   Fury:      It extends the wearer's berserk rage when killing foes.
   Int-3:     It affects your intelligence (-3).
   Slay+6:    It affects your accuracy & damage with ranged weapons and melee
   (+6).
   Will++:    It greatly increases your willpower.
   *Rage:     It berserks you when you make melee attacks (+50% chance).
Talismans
 E - a dragon-blood talisman
Wands
 c - a wand of flame (7)
 J - a wand of polymorph (9)
 R - a wand of paralysis (3)
 Y - a wand of roots (5)
Scrolls
 f - 2 scrolls of immolation
 g - a scroll of amnesia
 j - 3 scrolls of revelation
 l - a scroll of silence {unknown}
 r - a scroll of brand weapon
 w - a scroll of vulnerability {unknown}
 y - 5 scrolls of teleportation
 G - 3 scrolls of noise
 I - a scroll of fear
 P - 2 scrolls of enchant armour
 S - 2 scrolls of blinking {unknown}
 X - 2 scrolls of poison
 Z - a scroll of enchant weapon {unknown}
Potions
 h - 3 potions of brilliance {unknown}
 i - 2 potions of enlightenment {unknown}
 k - 2 potions of heal wounds {unknown}
 p - 4 potions of curing
 q - a potion of invisibility {unknown}
 s - 4 potions of attraction {unknown}
 v - 3 potions of degeneration {unknown}
 C - 3 potions of mutation {unknown}
 D - 2 potions of berserk rage {unknown}
 F - 3 potions of haste {unknown}
 M - a potion of lignification {unknown}
 V - a potion of resistance {unknown}


   Skills:
 + Level 10.4 Fighting
 * Level 17.9 Maces & Flails
 + Level 9.4 Armour
 - Level 2.6 Shields
 - Level 1.3 Unarmed Combat
 + Level 6.0 Invocations


You had 12 spell levels left.
You didn't know any spells.
Your spell library contained the following spells:

 Spells                   Type           Power      Damage    Failure   Level
 Apportation              Tloc           0%         N/A       100%        1
 Necrotise                Necr           0%         1d4       100%        1
 Sting                    Conj/Alch      0%         1d3       100%        1
 Ensorcelled Hibernation  Hex/Ice        0%         N/A       100%        2
 Dazzling Flash           Conj/Hex       0%         N/A       100%        3
 Fugue of the Fallen      Necr           0%         N/A       100%        3
 Gell's Gravitas          Tloc           0%         N/A       100%        3
 Teleport Other           Tloc           0%         N/A       100%        3
 Volatile Blastmotes      Fire/Tloc      0%         2d10      100%        3
 Anguish                  Hex/Necr       0%         N/A       100%        4
 Flame Wave               Conj/Fire      0%         2d4       100%        4
 Olgreb's Toxic Radiance  Alch           0%         N/A       100%        4
 Sticky Flame             Fire/Alch      0%         2d4       100%        4
 Dispersal                Tloc           0%         N/A       100%        6
 Starburst                Conj/Fire      0%         6d3       100%        6
 Ozocubu's Refrigeration  Ice            0%         4d7       100%        7
 Discord                  Hex            0%         N/A       100%        8
 Ignition                 Fire           0%         3d3       100%        8
 Maxwell's Capacitive Co  Air            0%         ∞         100%        8
 Summon Small Mammal      Summ           Unusable   N/A       N/A         1
 Animate Armour           Summ/Erth      Unusable   N/A       N/A         4
 Malign Gateway           Summ/Tloc      Unusable   N/A       N/A         7
 Summon Horrible Things   Summ           Unusable   N/A       N/A         8

Dungeon Overview and Level Annotations

Branches:
Dungeon (10/15)            Temple (1/1) D:6            Lair (4/5) D:8
 Shoals (0/4) Lair:2       Spider (0/4) Lair:3          Orc (1/2) D:10
  Slime: Lair:4-5

Altars:
Ashenzari
Cheibriados
Dithmenos
Fedhas
Gozag
Hepliaklqana
Kikubaaqudgha
Makhleb
Nemelex Xobeh
Okawaru
Qazlal
Ru
Sif Muna
Trog
Uskayaw
Vehumet
Wu Jian
Xom
Yredelemnul

Shops:
D:5 =


Innate Abilities, Weirdness & Mutations

You have a somewhat thin skeletal structure. (Dex +2, Stealth+)
A meltable icy envelope protects you from harm. (AC +4)
You regenerate a little health from kills.
A meltable shield of frost defends you. (SH +4)
Your touch may irresistibly damage your foes and sap their willpower.
You sometimes lose your temper in combat.
You are frail. (-10% HP)
You occasionally lose the ability to read scrolls when taking damage.


Message History

The orc hits you but does no damage.
The orc warrior hits you but does no damage.
The orc hits you but does no damage.
The ettin hits you with a +0 dire flail!!
The ettin hits you with a +0 dire flail.
You block the orc's attack.
You hit the ettin. You freeze the ettin.
The ettin is lightly wounded.
The orc hits you but does no damage. The orc warrior barely misses you.
The ettin hits you but does no damage.
The ettin hits you with a +0 dire flail!
The orc hits you from afar with a +0 trident. x2
You block the orc's attack.
The orc warrior hits you but does no damage.
As you read the scroll of fear, it crumbles to dust.
You assume a fearsome visage.
The ettin looks frightened!
The orc warrior looks frightened!
The orc looks frightened! x3
You hit the ettin but do no damage.
Your attack snaps the ettin out of its fear.
The ettin is lightly wounded.
Things that are here:
a +0 dagger; a +0 robe; an orc corpse You puncture the ettin!
You freeze the ettin.
The ettin is lightly wounded.
The ettin hits you but does no damage.
The ettin hits you with a +0 dire flail.
You sock the ettin! You freeze the ettin.
The ettin is moderately wounded.
The ettin barely misses you.
The ettin hits you with a +0 dire flail.
You impale the ettin!! You freeze the ettin.
The ettin is severely wounded.
The ettin barely misses you. The ettin hits you but does no damage.
You puncture the ettin! You freeze the ettin.
The ettin is almost dead.
The ettin hits you with a +0 dire flail!!
* * * LOW HITPOINT WARNING * * *
The ettin barely misses you.
You barely miss the ettin.
The ettin is almost dead.
The ettin hits you with a +0 dire flail!!
You die...

....# ....#..
......### .......
......#.## .......
...#.#...# .......
.........######.......
.........##.##.......
......#.....)#...#
..o..$...C@.)(<..#
......................
......................
.>........#.....#...#.
..o......####.##...#..
..#....... #.# #.....
. ##...... ... #.#..
#....... .... ##.#


You could see an ettin.

Vanquished Creatures
  5 hydras
  The ghost of ymhsbmbesitwf the Grappler, a journeyman DrSh (D:10)
  A catoblepas (Lair:1)
  A two-headed ogre (D:9)
  A boulder beetle (D:10)
  A vampire mage (Lair:1)
  6 death yaks
  A skyshark (Lair:3)
  2 oklob plants (Lair:4)
  A meliai (D:10)
  A rust devil (D:8)
  An elephant (D:7)
  6 black mambas
  8 cane toads
  An unseen horror (D:10)
  An orange demon (D:9)
  3 rime drakes
  Jeremiah (D:8)
  Psyche (D:8)
  4 komodo dragons
  A red devil (D:9)
  4 trolls
  A snapping turtle (Lair:2)
  A shadow (D:10)
  A water elemental (Lair:2)
  A vampire (D:9)
  2 wyverns
  12 yaks
  A human (Lair:1)
  A steam dragon (D:7)
  A basilisk (shapeshifter) (D:10)
  2 neqoxecs (D:9)
  Menkaure (D:4)
  Edmund (D:4)
  A chaos spawn (D:8)
  An acid dragon (shapeshifter) (D:10)
  9 water moccasins
  4 black bears
  3 orc warriors
  An ice beast (D:6)
  3 ogres
  A sky beast (D:4)
  29 wolves
  4 centaurs
  4 kobold brigands
  4 gnoll sergeants
  A scorpion (D:5)
  12 bullfrogs
  3 wights (D:6)
  4 killer bees (D:9)
  3 bombardier beetles
  An electric eel (Lair:2)
  2 gnoll boudas
  4 hounds
  2 jellies (D:7)
  8 orc priests
  2 sleepcaps
  4 iguanas
  Ijyb (D:3)
  13 orc wizards
  Robin (D:3)
  18 gnolls
  10 adders
  2 shadow imps
  2 ufetubi (D:6)
  A ribbon worm (D:5)
  A dart slug (D:1)
  39 orcs
  5 endoplasms
  4 giant cockroaches
  17 goblins
  14 hobgoblins
  7 jackals
  15 kobolds
  5 quokkas
  6 ball pythons
  9 bats
  3 frilled lizards
  8 rats
368 creatures vanquished.

Notes
Turn   | Place    | Note
-------+----------+-------------------------------------------
     0 | D:1      | AlterAsc the Demonspawn Fighter began the quest for the
                  | Orb.
     0 | D:1      | Reached XP level 1. HP: 18/18 MP: 1/1
   116 | D:1      | Reached skill level 2 in Maces & Flails
   203 | D:1      | Gained mutation: Your touch may inflict minor irresistible
                  | damage on your foes. [demonic ancestry]
   203 | D:1      | Reached XP level 2. HP: 24/24 MP: 2/2
   824 | D:2      | Reached skill level 3 in Maces & Flails
   824 | D:2      | Gained mutation: A meltable shield of frost defends you.
                  | (SH +4) [demonic ancestry]
   824 | D:2      | Reached XP level 3. HP: 29/29 MP: 3/3
   850 | D:2      | Found a basalt altar of Yredelemnul.
  1057 | D:2      | Reached skill level 1 in Unarmed Combat
  1057 | D:2      | Reached XP level 4. HP: 35/35 MP: 4/4
  1804 | D:3      | Reached skill level 4 in Maces & Flails
  1978 | D:3      | Got the Quarto of the Salamander and Terra Firma
  2068 | D:3      | Noticed Robin
  2088 | D:3      | Gained mutation: Your touch may inflict irresistible damage
                  | on your foes. [demonic ancestry]
  2088 | D:3      | Reached XP level 5. HP: 41/41 MP: 5/5
  2107 | D:3      | Killed Robin
  2364 | D:3      | Found a shimmering altar of Xom.
  2364 | D:3      | Found a shimmering blue altar of Sif Muna.
  2364 | D:3      | Noticed Ijyb
  2373 | D:3      | Killed Ijyb
  2374 | D:3      | Reached skill level 5 in Maces & Flails
  2511 | D:3      | Found a blossoming altar of Fedhas.
  2932 | D:3      | Reached XP level 6. HP: 46/47 MP: 6/6
  2962 | D:4      | Noticed Edmund
  2974 | D:4      | Killed Edmund
  2975 | D:4      | Reached skill level 6 in Maces & Flails
  3039 | D:4      | Noticed a sky beast
  3049 | D:4      | Killed a sky beast
  3050 | D:4      | Reached XP level 7. HP: 52/52 MP: 7/7
  3186 | D:4      | Reached skill level 7 in Maces & Flails
  3402 | D:4      | Noticed Menkaure
  3412 | D:4      | Killed Menkaure
  3488 | D:4      | Reached skill level 8 in Maces & Flails
  3772 | D:5      | Entered Level 5 of the Dungeon
  3815 | D:5      | Found Echuumur's Jewellery Shoppe.
  4012 | D:5      | Reached XP level 8. HP: 37/58 MP: 8/8
  4147 | D:5      | Reached skill level 9 in Maces & Flails
  4459 | D:5      | Found an opulent altar of Gozag.
  5014 | D:6      | Reached skill level 10 in Maces & Flails
  5063 | D:6      | Noticed a two-headed ogre
  5388 | D:6      | Found a staircase to the Ecumenical Temple.
  5488 | Temple   | Entered the Ecumenical Temple
  5509 | Temple   | Became a worshipper of Warmaster Okawaru
  5875 | D:6      | Gained mutation: You have a somewhat thin skeletal
                  | structure. (Dex +2, Stealth+) [demonic ancestry]
  5875 | D:6      | Reached XP level 9. HP: 48/63 MP: 9/9
  6028 | D:6      | Found a burning altar of Makhleb.
  6185 | D:6      | Reached skill level 11 in Maces & Flails
  6800 | D:7      | Found an ornate altar of the Wu Jian Council.
  6908 | D:7      | Reached * piety under Okawaru
  7617 | D:7      | Noticed a deep troll
  7757 | D:8      | Noticed Jeremiah
  7770 | D:8      | Killed Jeremiah
  7847 | D:8      | Noticed Psyche
  7864 | D:8      | Paralysed by Psyche for 4 turns
  7872 | D:8      | Killed Psyche
  7873 | D:8      | Reached skill level 12 in Maces & Flails
  8065 | D:8      | Noticed an elephant
  8109 | D:7      | Killed an elephant
  8225 | D:8      | Noticed a death yak
  8242 | D:8      | Killed a death yak
  8242 | D:8      | Reached ** piety under Okawaru
  8243 | D:8      | Reached skill level 13 in Maces & Flails
  8243 | D:8      | Gained mutation: A meltable icy envelope protects you from
                  | harm. (AC +4) [demonic ancestry]
  8243 | D:8      | Reached XP level 10. HP: 47/70 MP: 10/10
  8336 | D:8      | Found a staircase to the Lair.
  8956 | D:9      | Noticed an orange demon
  8956 | D:9      | Noticed a rust devil
  9091 | D:8      | Killed a rust devil
  9091 | D:8      | Reached *** piety under Okawaru
  9290 | D:8      | Reached skill level 14 in Maces & Flails
  9299 | D:9      | Killed an orange demon
  9348 | D:9      | Noticed a two-headed ogre
  9353 | D:9      | Killed a two-headed ogre
  9449 | D:9      | Gained mutation: You sometimes lose your temper in combat.
                  | [a neqoxec]
  9451 | D:9      | Reached **** piety under Okawaru
  9591 | D:9      | Gained mutation: You are frail. (-10% HP) [a neqoxec]
  9592 | D:9      | Gained mutation: You occasionally lose the ability to read
                  | scrolls when taking damage. [a neqoxec]
  9719 | D:9      | Identified the +0 helmet of Beogh's Fury {rCorr SInv
                  | Stlth+}
  9724 | D:9      | Reached skill level 5 in Fighting
  9851 | D:10     | Entered Level 10 of the Dungeon
 10051 | D:10     | Noticed a boulder beetle
 10059 | D:10     | Noticed a meliai
 10062 | D:10     | Killed a meliai
 10063 | D:10     | Reached skill level 5 in Armour
 10069 | D:10     | Killed a boulder beetle
 10070 | D:10     | Gained mutation: Your touch may irresistibly damage your
                  | foes and sap their willpower. [demonic ancestry]
 10070 | D:10     | Reached XP level 11. HP: 48/72 MP: 13/13
 10666 | D:7      | Found the necklace of Bloodlust {Fury *Rage Will++ Int-3
                  | Slay+6}
 10742 | Lair:1   | Entered Level 1 of the Lair of Beasts
 10952 | Lair:1   | Reached ***** piety under Okawaru
 11004 | Lair:1   | Noticed a catoblepas
 11020 | Lair:1   | Killed a catoblepas
 11488 | Lair:1   | Found a runed translucent door.
 11714 | Lair:1   | Noticed a vampire mage
 11721 | Lair:1   | Killed a vampire mage
 11817 | Lair:2   | Noticed an eight-headed hydra
 11824 | Lair:2   | Killed an eight-headed hydra
 11824 | Lair:2   | Received a gift from Okawaru
 11825 | Lair:2   | Reached skill level 15 in Maces & Flails
 11971 | Lair:2   | You are sucked into a shaft and drop 2 floors!
 12053 | Lair:4   | Noticed a seven-headed hydra
 12062 | Lair:4   | Killed a seven-headed hydra
 12063 | Lair:4   | Reached XP level 12. HP: 83/83 MP: 11/14
 12454 | Lair:3   | Noticed an eight-headed hydra
 12467 | Lair:3   | Killed an eight-headed hydra
 12548 | Lair:3   | Reached ****** piety under Okawaru
 12549 | Lair:3   | Reached skill level 16 in Maces & Flails
 12549 | Lair:3   | Acquired a +1 eveningstar of protection
 12549 | Lair:3   | Received a gift from Okawaru
 12608 | Lair:3   | Noticed a six-headed hydra
 12618 | Lair:3   | Killed a six-headed hydra
 12618 | Lair:3   | Received a gift from Okawaru
 12626 | Lair:3   | Acquired the +2 helmet of Wonderful Surprise {+Inv Will+
                  | Dex+3 SInv}
 12626 | Lair:3   | Received a gift from Okawaru
 12808 | Lair:3   | Found a hole to the Spider Nest.
 13679 | Lair:2   | Identified the +3 leather armour of Undesirable Species
                  | {+Inv Int+7}
 13683 | Lair:2   | Found a staircase to the Shoals.
 14079 | Lair:3   | Noticed a six-headed hydra
 14087 | Lair:3   | Killed a six-headed hydra
 14087 | Lair:3   | Received a gift from Okawaru
 14250 | Lair:3   | Reached skill level 17 in Maces & Flails
 14541 | Lair:4   | Noticed a death yak
 14541 | Lair:4   | Noticed a death yak
 14542 | Lair:4   | Noticed a death yak
 14542 | Lair:4   | Noticed a death yak
 14542 | Lair:4   | Noticed a death yak
 14553 | Lair:4   | Killed a death yak
 14560 | Lair:4   | Killed a death yak
 14565 | Lair:4   | Killed a death yak
 14566 | Lair:4   | Reached skill level 10 in Fighting
 14568 | Lair:4   | Killed a death yak
 14573 | Lair:4   | Killed a death yak
 14573 | Lair:4   | Received a gift from Okawaru
 14574 | Lair:4   | Reached skill level 5 in Invocations
 14574 | Lair:4   | Gained mutation: You regenerate a little health from kills.
                  | [demonic ancestry]
 14574 | Lair:4   | Reached XP level 13. HP: 92/92 MP: 16/16
 14837 | Lair:4   | Found a blossoming altar of Fedhas.
 15377 | D:10     | Found a staircase to the Orcish Mines.
 15520 | D:10     | Found a runed translucent door.
 15545 | D:10     | Identified a scroll of acquirement
 15546 | D:10     | Acquired a manual of Fighting
 15726 | D:10     | Noticed ymhsbmbesitwf's ghost (journeyman DrSh)
 15740 | D:10     | Killed ymhsbmbesitwf's ghost
 15786 | Orc:1    | Entered Level 1 of the Orcish Mines
 15795 | Orc:1    | Received a gift from Okawaru
 15800 | Orc:1    | Noticed an ettin
 15814 | Orc:1    | Mangled by an ettin

Illustrated notes

Levels and vault maps discovered:
D:1:      dpeg_arrival_snail, layout_basic, minmay_box_of_dots
D:2:      layout_basic, basic_altar, minmay_joined_circles
D:3:      minmay_door_path, layout_loops_ring, mainiacjoe_overflow_paths,
          mainiacjoe_overflow_divided_tiny, st_stairs_4,
          minmay_misc_feat_nine_boxes, uniq_ijyb, uniq_robin
D:4:      layout_loops_cross, uniq_menkaure, uniq_edmund
D:5:      layout_basic, mainiacjoe_overflow_brackets,
          minmay_shop_enchanted_jewellery
D:6:      layout_loops_corners, makhleb_grotto_becter, temple_pool_b
D:7:      layout_loops_corners, mainiacjoe_overflow_chevrons,
          nicolae_wu_jian_immortal_techniques,
          hellmonk_guarded_unrand_vitality_bloodlust
D:8:      layout_rooms, david_lair_generic, uniq_jeremiah, uniq_psyche
D:9:      layout_roguey, nicolae_neqoxec_dot_bat
D:10:     minmay_blocky_corners, layout_rooms,
          kennysheep_orc_monster_closet_entryway, ebering_ghost_reflecting_pool,
          kennysheep_generic_room_10
Temple:   hellmonk_temple_of_storms
Lair:1:   layout_cave_pods, wad_woods_road_03, minivault_27,
          pdpol_lair_cabin_in_the_woods
Lair:2:   layout_loops_ring, minmay_shoals_entry_hut, serial_rivers,
          chequers_serial_rivers_large_a, chequers_serial_rivers_small_b,
          chequers_serial_rivers_room_a, chequers_serial_rivers_micro_a,
          chequers_serial_rivers_small_3, chequers_serial_rivers_large_b,
          beast_lair_carwin_8
Lair:3:   layout_gridlike, dummy_spider_entry
Lair:4:   layout_small_grid, hangedman_tree_tricks, lemuel_fruit_tree,
          infiniplex_staircase_pool_2, lemuel_fruit_fields
Orc:1:    layout_caves, serial_shops, nicolae_shop_hallway_plus,
          nicolae_shop_stone, shop, nooodl_orcs_dogs

Skill      XL: |  1  2  3  4  5  6  7  8  9 10 11 12 13 |
---------------+----------------------------------------+-----
Maces & Flails | 2 3 4 5 6 8 10 13 14 15 17 | 17.9
Unarmed Combat | 1 |  1.3
Invocations    | 3 5 6 |  6.0
Armour         | 5 7 9 |  9.4
Fighting       | 5 8 10 | 10.4
Shields        | |  2.6

Action                     |  1- 3 |  4- 6 |  7- 9 | 10-12 | 13-15 || total
---------------------------+-------+-------+-------+-------+-------++-------
  Melee: Flail             |    70 |   137 |   277 |   390 |       ||   874
         Touch             |    10 |    28 |    56 |   115 |    18 ||   227
         Unarmed           |    22 |    26 |       |       |       ||    48
         Punch             |       |     1 |     1 |    11 |     1 ||    14
         Eveningstar       |       |       |       |   102 |    93 ||   195
  Throw: Throwing net      |       |       |     1 |       |       ||     1
 Invoke: Heroism           |       |       |       |     3 |       ||     3
         Receive Weapon    |       |       |       |     1 |       ||     1
         Receive Armour    |       |       |       |     1 |       ||     1
    Use: Potion            |       |     1 |     3 |       |       ||     4
         Scroll            |       |       |     6 |     6 |     4 ||    16
 Armour: Scale mail        |    37 |       |       |       |       ||    37
         Chain mail        |    36 |   142 |   269 |   353 |       ||   800
         Plate armour      |       |       |       |    70 |    95 ||   165
  Dodge: Dodged            |    40 |    69 |    95 |   139 |    23 ||   366
  Block: Buckler           |     7 |       |       |       |       ||     7
         Other             |    10 |    23 |    35 |    64 |    14 ||   146
